 Dungeon Sprint DCSS version 0.27.1-1-g398f81649c (webtiles) character file.

Game seed: 14230857531626437054

17 ugugthedestroyer the Slasher (level 2, -1/34 HPs)
             Began as a Demonspawn Gladiator on Sept 6, 2021.
             Slain by an iguana (6 damage)
             ... in the Dungeon (Sprint IX: "|||||||||||||||||||||||||||||").
             The game lasted 00:03:07 (43 turns).

ugugthedestroyer the Slasher (Demonspawn Gladiator)   Turns: 43, Time: 00:03:08

Health: -1/34      AC:  4    Str: 14    XL:     2   Next: 44%
Magic:  2/2        EV: 13    Int:  9    God:
Gold:   0          SH:  0    Dex: 14    Spells: 1/1 levels left

rFire    . . .     SeeInvis .   a - +0 long sword
rCold    . . .     Faith    .   (no shield)
rNeg     . . .     Spirit   .   b - +0 leather armour
rPois    .         Reflect  .   c - +0 helmet
rElec    .         Harm     .   (no cloak)
rCorr    .         Rampage  .   (no gloves)
Will     .....     NoTele   +   (no boots)
Stlth    ..........             (no amulet)
HPRegen  0.11/turn              (no ring)
MPRegen  0.08/turn              (no ring)

@: berserking, very quick
A: foul stench 1
a: no special abilities


You were in the Dungeon.
You visited 1 branch

Inventory:

Hand Weapons
 a - a +0 long sword (weapon)
 k - a +0 dagger of draining
Missiles
 d - 3 throwing nets (quivered)
Armour
 b - a +0 leather armour (worn)
 c - a +0 helmet (worn)
Scrolls
 j - a scroll of blinking
Potions
 g - a potion of haste
 h - 2 potions of magic


   Skills:
 * Level 2.6 Fighting
 * Level 4.0 Long Blades
 - Level 2.0 Throwing
 * Level 3.9 Dodging


You had one spell level left.
You didn't know any spells.
Your spell library was empty.

Dungeon Overview and Level Annotations

Branches:
Dungeon (1/1)

Altars:


Innate Abilities, Weirdness & Mutations

You may rarely emit foul miasma when damaged in melee.


Message History

You see here a +0 spear.
Unknown command.
You open the door.
An iguana, a scorpion, an orc, a zombie and a dart slug come into view.
The orc shouts!
The iguana hisses menacingly.
The dart slug launches a dart at you. The slug dart misses you.
There is an open door here.
You slash the dart slug!
The dart slug is severely wounded.
The dart slug misses you.
You hit the dart slug but do no damage.
The dart slug is severely wounded.
The dart slug launches a dart at you. The slug dart hits you.
You slash the dart slug!
You kill the dart slug!
The iguana misses you.
Your Long Blades skill increases to level 4!
You closely miss the iguana. The iguana bites you.
You barely miss the iguana. The iguana closely misses you.
You hit the iguana but do no damage. The iguana bites you.
You closely miss the iguana. The iguana bites you!
Ouch! That really hurt!
* * * LOW HITPOINT WARNING * * *
The iguana barely misses you.
You feel much better. The iguana bites you!
You closely miss the iguana. The iguana bites you!
You completely miss the iguana. The iguana bites you.
* * * LOW HITPOINT WARNING * * *
You feel better. The iguana bites you!
* * * LOW HITPOINT WARNING * * *
A red film seems to cover your vision as you go berserk!
You feel yourself moving faster!
You feel mighty! The iguana closely misses you.
You closely miss the iguana. The iguana bites you.
* * * LOW HITPOINT WARNING * * *
You barely miss the iguana. The iguana bites you.
You die...

▓+▓
▓.▓
▓Z▓
▓o▓
▓s▓
▓l▓
▓@▓
▓.▓
▓.▓
▓.▓
▓.▓
▓)▓
▓†▓
▓.▓
▓.▓


You could see a scorpion, an iguana, an orc and an adder zombie.

Vanquished Creatures
  A gnoll (D)
  A dart slug (D)
  An endoplasm (D)
  A goblin (D)
  A ball python (D)
  A bat (D)
6 creatures vanquished.

Notes
Turn   | Place    | Note
-------+----------+-------------------------------------------
     0 | D        | ugugthedestroyer the Demonspawn Gladiator began the quest
                  | for the Orb.
     0 | D        | Reached XP level 1. HP: 16/16 MP: 1/1
     5 | D        | Reached skill level 3 in Long Blades
    15 | D        | Gained mutation: You may rarely emit foul miasma when
                  | damaged in melee. [demonic ancestry]
    15 | D        | Reached XP level 2. HP: 21/23 MP: 2/2
    28 | D        | Noticed a scorpion
    33 | D        | Reached skill level 4 in Long Blades
    43 | D        | Slain by an iguana

Illustrated notes

Levels and vault maps discovered:
D:        linesprint [early_d, line_temple, items_1, d_10, items_2, lair_1,
          lair_end, items_3, orc_1, orc_end, items_4, d_15, swamp_1, shoals_1,
          snake_1, spider_1, d_20, vaults_1, items_5, swamp_end, shoals_end,
          snake_end, spider_end, vaults_end, d_27, items_6, zot_1, zot_end,
          crypt_end, forest_end, elf_end, slime_end, tomb_end, abyss_end,
          pan_hell_end]

Skill      XL: |  1  2 |
---------------+-------+-----
Long Blades    | 3 4 |  4.0
Dodging        | 3 |  3.9
Throwing       | 2 |  2.0
Fighting       | |  2.6

Action                   || total
-------------------------++-------
Melee: Long sword        ||    21
  Use: Potion            ||     3
Dodge: Dodged            ||    13
       Rpst.: Long sword ||     2
